 Dungeon Crawl Stone Soup version 0.30-a0-459-g9104f0fc43 (webtiles) character file.

Game seed: 14596012454519019168

45 NinjaNoafa the Sneak (level 3, 0/20 HPs)
             Began as a Kobold Enchanter on Dec 15, 2022.
             Succumbed to a kobold's poison
             ... on level 2 of the Dungeon.
             The game lasted 00:04:27 (1196 turns).

NinjaNoafa the Sneak (Kobold Enchanter)             Turns: 1196, Time: 00:04:27

Health: 0/20       AC:  2    Str: 10    XL:     3   Next: 90%
Magic:  6/6        EV: 15    Int: 17    God:
Gold:   70         SH:  0    Dex: 19    Spells: 6/6 levels left

rFire   . . .      SeeInvis .    k - +2 short sword (venom)
rCold   . . .      Faith    .    (no shield)
rNeg    . . .      Spirit   .    b - +0 robe
rPois   .          Reflect  .    (no helmet)
rElec   .          Harm     .    (no cloak)
rCorr   .          Rampage  .    (no gloves)
Will    .....                    (no boots)
Stlth   ++++......               (no amulet)
HPRegen 0.23/turn                j - +6 ring of strength
MPRegen 0.10/turn                (no ring)

@: mighty, brilliant, lethally poisoned (0 -> -1)
A: small, no large weapons, nightstalker 3, agile 1, screaming 1, MP-powered
wands
a: no special abilities


You were on level 2 of the Dungeon.
You visited 1 branch of the dungeon, and saw 2 of its levels.

You collected 70 gold pieces.

Inventory:

Hand Weapons
 k - a +2 short sword of venom (weapon)
Missiles
 g - 16 stones (quivered)
Armour
 b - a +0 robe (worn)
Jewellery
 j - a +6 ring of strength (left hand)
Scrolls
 i - a scroll of magic mapping {unknown}
Potions
 c - a potion of invisibility
 d - a potion of might
 e - a potion of brilliance
 h - a potion of magic


   Skills:
 + Level 0.5 Fighting
 - Level 1.6 Short Blades
 - Level 2.6 Dodging
 - Level 5.5 Stealth
 - Level 2.3 Spellcasting
 - Level 3.1 Hexes
 - Level 0.4 Ice Magic


You had 6 spell levels left.
You didn't know any spells.
Your spell library contained the following spells:

 Spells                   Type           Power      Damage    Failure   Level
 Ensorcelled Hibernation  Hex/Ice        24%        N/A       14%         2
 Confusing Touch          Hex            18%        N/A       16%         3
 Tukima's Dance           Hex            18%        N/A       16%         3
 Cigotuvi's Dreadful Rot  Necr/Pois/Air  4%         N/A       28%         2
 Dazzling Flash           Conj/Hex       20%        N/A       30%         3
 Dispel Undead            Necr           2%         3d7       88%         4
 Iskenderun's Battlesphe  Conj           2%         2d6       99%         5
 Death Channel            Necr           1%         N/A       100%        6
 Iron Shot                Conj/Erth      1%         9d1       100%        6
 Spellforged Servitor     Conj/Summ      1%         N/A       100%        7


Dungeon Overview and Level Annotations

Branches:
Dungeon (2/15)

Altars:

Annotations:
D:2 Terence


Innate Abilities, Weirdness & Mutations

You are small and have problems with some larger weapons.
You are completely attuned to the shadows.
You are agile. (Dex +4, Str/Int -1)
You occasionally shout uncontrollably at your foes.
You expend magic power (3 MP) to strengthen your wands.


Message History

You feel sick. The kobold hits you but does no damage.
You are more poisoned.
It was a potion of heal wounds.
You feel much better.
You feel very sick. The kobold closely misses you.
You closely miss the kobold.
The kobold is severely wounded.
You feel sick.
The kobold hits you with a +2 short sword of venom.
You are lethally poisoned!
You puncture the kobold!
You kill the kobold!
You feel very sick.
You feel very sick.
Things that are here:
a +2 short sword of venom; 5 stones
k - a +2 short sword of venom You feel sick.
* * * LOW HITPOINT WARNING * * *
You feel sick.
Your +2 short sword of venom begins to drip with poison!
k - a +2 short sword of venom (weapon)
* * * LOW HITPOINT WARNING * * *
You feel sick.
You drop a +1 dagger.
* * * LOW HITPOINT WARNING * * *
You feel sick.
* * * LOW HITPOINT WARNING * * *
You feel sick.
There is a lethal amount of poison in your body!
* * * LOW HITPOINT WARNING * * *
You feel sick.
Okay, then.
* * * LOW HITPOINT WARNING * * *
You feel sick.
It was a potion of mutation.
You feel extremely strange.
You feel the urge to shout.
You feel your magical essence link to the dungeon's wands.
You feel agile.
You die...

......#.######..
...........
#....#####
#....#
######.#..†.+
............#
....#..###.#
#.........#
#.@..#(####
#..#.).#
##.#.### #...#
#####


There were no monsters in sight!

Vanquished Creatures
  2 ball pythons (D:2)
  5 bats
  6 endoplasms
  5 goblins
  4 hobgoblins (D:1)
  7 jackals
  4 kobolds
  3 frilled lizards
  A rat (D:1)
37 creatures vanquished.

Notes
Turn   | Place    | Note
-------+----------+-------------------------------------------
     0 | D:1      | NinjaNoafa the Kobold Enchanter began the quest for the
                  | Orb.
     0 | D:1      | Reached XP level 1. HP: 10/10 MP: 3/3
   127 | D:1      | Reached XP level 2. HP: 6/15 MP: 5/5
   546 | D:1      | Reached XP level 3. HP: 19/20 MP: 6/6
   748 | D:1      | Reached skill level 5 in Stealth
  1106 | D:2      | Noticed Terence
  1195 | D:2      | HP: 1/20 [poisoned by a kobold]
  1196 | D:2      | Gained mutation: You occasionally shout uncontrollably at
                  | your foes. [potion of mutation]
  1196 | D:2      | Gained mutation: You expend magic power (3 MP) to
                  | strengthen your wands. [potion of mutation]
  1196 | D:2      | Gained mutation: You are agile. (Dex +4, Str/Int -1)
                  | [potion of mutation]
  1196 | D:2      | Succumbed to a kobold's poison

Illustrated notes

Levels and vault maps discovered:
D:1:      pf_arrival_petrified_forest, layout_loops_corners, hex_tiny,
          minmay_heptomino_d4
D:2:      layout_basic, ebering_ecumenical_altar_box, uniq_natasha, uniq_terence

Skill      XL: |  1  2  3 |
---------------+----------+-----
Stealth        | 5 |  5.5
Fighting       | |  0.5
Short Blades   | |  1.6
Dodging        | |  2.6
Spellcasting   | |  2.3
Hexes          | |  3.1
Ice Magic      | |  0.4

Action                   || total
-------------------------++-------
Melee: Dagger            ||    95
       Punch             ||     1
  Use: Potion            ||     6
 Stab: Sleeping          ||    19
       Invisible         ||     1
Armor: Robe              ||    19
Dodge: Dodged            ||    87

Table legend: (Time is in decaauts)
 A = Elapsed time spent in this place.
 B = Non-inter-level travel time spent in this place.
 C = Inter-level travel time spent in this place.
 D = Time resting spent in this place.
 E = Time spent auto-exploring this place.
 F = Levels seen in this place.
 G = Mean time per level.
                   A        B        C        D        E       F      G
               +--------+--------+--------+--------+--------+-----+--------+
         Total |   1187 |   1160 |     27 |      0 |    827 |   2 |  593.5 |
       Dungeon |   1187 |   1160 |     27 |      0 |    827 |   2 |  593.5 |
               +--------+--------+--------+--------+--------+-----+--------+

Top non-repeatable levels by time:
     D:1: 1003 daAuts
     D:2: 184 daAuts
